 Dungeon Crawl Stone Soup version 0.23.0-42-geed6394480 (webtiles) character file.

Game seed: 12789291342210491744

649 Chiseanne the Sneak (level 7, 0/46 HPs)
             Began as an Octopode Warper on Mar 1, 2019.
             Slain by an orc
             ... wielding a +0 short sword
              (4 damage)
             ... on level 4 of the Dungeon.
             The game lasted 00:09:56 (4222 turns).

Chiseanne the Sneak (Octopode Warper)               Turns: 4222, Time: 00:09:57

Health: 0/46       AC:  3    Str: 12    XL:     7   Next: 53%
Magic:  11/12      EV: 15    Int: 15    God:
Gold:   260        SH:  0    Dex: 12    Spells: 1/12 levels left

rFire    . . .     SeeInvis .   s - +1 dagger (venom)
rCold    . . .     Gourm    .   (no shield)
rNeg     . . .     Faith    .   l - +2 hat
rPois    .         Spirit   .   (no amulet)
rElec    .         Reflect  .   j - ring of resist corrosion
rCorr    +         Harm     .   (no ring)
MR       .....                  (no ring)
Stlth    +++++.....             (no ring)
HPRegen  0.15/turn              (no ring)
MPRegen  0.13/turn              (no ring)
                                (no ring)
                                (no ring)

@: no status effects
A: almost no armour, stealthy swim, amphibious, 8 rings, constrict 8, camouflage
1, gelatinous body 1
a: no special abilities


You were on level 4 of the Dungeon.
You were not hungry.

You visited 1 branch of the dungeon, and saw 4 of its levels.

You collected 260 gold pieces.

Inventory:

Hand Weapons
 a - the +7 dagger of Jifil {pierce, rPois Stlth+}
   (You found it on level 4 of the Dungeon)

   It inflicts extra damage upon your enemies.
   It protects you from poison.
   It makes you more stealthy.
 s - a +1 dagger of venom (weapon)
 u - a +1 hand axe of chopping
Missiles
 b - 163 stones
 d - 5 tomahawks of dispersal (quivered)
 n - 63 bolts
 o - 11 poisoned needles
 p - 85 arrows
 q - 2 throwing nets
 r - 54 sling bullets
Armour
 l - a +2 hat (worn)
Jewellery
 j - a ring of resist corrosion (left tentacle)
Scrolls
 c - a scroll of blinking
 m - 2 scrolls of teleportation
Potions
 e - 3 potions of flight
 g - 3 potions of might
 h - a potion of curing {unknown}
 i - a potion of mutation {unknown}
 k - 2 potions of heal wounds {unknown}
Comestibles
 f - 6 rations
 t - 3 chunks of flesh


   Skills:
 + Level 3.6 Fighting
 - Level 2.0 Short Blades
 - Level 1.0 Throwing
 * Level 5.1 Dodging
 * Level 6.4 Stealth
 * Level 3.4 Spellcasting
 - Level 3.0 Translocations


You had one spell level left.
You knew the following spells:

 Your Spells              Type           Power        Failure   Level  Hunger
a - Blink                 Tloc           N/A          9%          2    ##.....
b - Shroud of Golubria    Chrm/Tloc      #.........   16%         2    ##.....
c - Teleport Other        Tloc           ##......     17%         3    ###....
d - Passage of Golubria   Tloc           N/A          50%         4    ####...

Your spell library contained the following spells:

 Spells                   Type           Power        Failure   Level  Hunger
 Gell's Gravitas          Tloc           ##........   17%         3    ###....
 Lesser Beckoning         Tloc           ##........   17%         3    ###....


Dungeon Overview and Level Annotations

Branches:
Dungeon (4/15)
 Temple: D:4-7

Altars:
Ashenzari
Qazlal
Xom

Annotations:
D:3 Robin


Innate Abilities, Weirdness & Mutations

You cannot wear most types of armour.
You are very stealthy in the water. (Stealth+)
You are amphibious.
You can wear up to eight rings at the same time.
You can use your tentacles to constrict eight enemies at once.
Your skin changes colour to match your surroundings (Stealth+).
Your rubbery body absorbs attacks. (AC +1, EV +1)


Message History

You miss the adder. Your grab misses the adder. You constrict the orc wizard.
The adder misses you.
The orc wizard gestures at you while chanting.
The puff of flame hits you. The orc hits you with a +0 mace.
You hit the orc wizard but do no damage.
The orc wizard looks as sick as possible!
The orc wizard is severely wounded.
You are engulfed in a cloud of scalding steam.
You constrict the orc wizard.
You kill the orc wizard!
The adder barely misses you. The orc wizard completely misses you.
The orc barely misses you.
You completely miss the orc wizard. You grab the orc wizard.
The orc wizard is heavily wounded.
You are engulfed in a cloud of scalding steam.
* * * LOW HITPOINT WARNING * * *
You constrict the orc wizard. The adder closely misses you.
The orc wizard hits you but does no damage.
The orc hits you with a +0 short sword.
You die...

##... #.##.#....'..
###....##.##.#.####..
#..............# #..
###....≈....≈....#
#.. ......≈≈≈.......#
#.. #...≈≈≈≈≈≈≈....#
#.. #..≈.≈≈≈≈≈≈.≈..#
#..
####..oo≈≈8>≈≈≈≈.##
#..
.....oo@≈≈_.≈≈≈≈.#
#..
###...S≈≈≈≈≈≈≈≈..#
### #....≈≈≈≈≈÷≈≈..#
#....≈≈≈....≈..#
#........≈.....#
#..............#
#......#########
########


You could see an orc wizard, an adder and 3 orcs.

Vanquished Creatures
  An ogre (D:4)
  A phantom (D:4)
  A scorpion (D:4)
  3 hounds
  An orc wizard (D:4)
  An orc priest (D:4)
  Natasha (thrice) (D:4)
  A worker ant (D:4)
  A gnoll (D:3)
  7 adders
  A howler monkey skeleton (D:4)
  A worm (D:2)
  2 dart slugs
  2 leopard geckos
  3 orcs (D:4)
  4 giant cockroaches
  10 hobgoblins
  12 jackals
  A quokka (D:2)
  4 ball pythons
  6 bats
  2 frilled lizards
  23 goblins
  A kobold (D:2)
  8 rats
100 creatures vanquished.

Notes
Turn   | Place    | Note
-------+----------+-------------------------------------------
     0 | D:1      | Chiseanne the Octopode Warper began the quest for the Orb.
     0 | D:1      | Reached XP level 1. HP: 14/14 MP: 3/3
    85 | D:1      | Reached skill level 1 in Stealth
   120 | D:1      | Reached XP level 2. HP: 16/19 MP: 5/5
   647 | D:1      | Reached skill level 2 in Stealth
   869 | D:1      | Reached XP level 3. HP: 24/24 MP: 6/6
  1317 | D:2      | Reached skill level 3 in Stealth
  1467 | D:2      | Reached XP level 4. HP: 23/30 MP: 7/7
  1773 | D:3      | Found a shimmering altar of Xom.
  1801 | D:3      | Found a shimmering altar of Xom.
  2019 | D:3      | Noticed Robin
  2504 | D:3      | Found a shattered altar of Ashenzari.
  2507 | D:3      | Reached skill level 4 in Stealth
  2528 | D:3      | Reached XP level 5. HP: 34/35 MP: 8/8
  2776 | D:3      | Learned a level 2 spell: Blink
  3073 | D:4      | Reached skill level 5 in Stealth
  3073 | D:4      | Reached XP level 6. HP: 27/42 MP: 9/9
  3572 | D:4      | Got a smoking dagger
  3574 | D:4      | Noticed Natasha
  3584 | D:4      | Killed Natasha
  3589 | D:4      | Identified the +7 dagger of Jifil {pierce, rPois Stlth+}
                  | (You found it on level 4 of the Dungeon)
  3685 | D:4      | Noticed Natasha
  3692 | D:4      | Killed Natasha
  3785 | D:4      | Noticed Natasha
  3795 | D:4      | Killed Natasha
  4042 | D:4      | Noticed a phantom
  4064 | D:4      | Reached skill level 6 in Stealth
  4064 | D:4      | Reached XP level 7. HP: 46/46 MP: 11/11
  4068 | D:4      | Learned a level 2 spell: Shroud of Golubria
  4072 | D:4      | Learned a level 3 spell: Teleport Other
  4077 | D:4      | Learned a level 4 spell: Passage of Golubria
  4182 | D:4      | Reached skill level 5 in Dodging
  4192 | D:4      | Found a stormy altar of Qazlal.
  4222 | D:4      | Slain by an orc

Skill      XL: |  1  2  3  4  5  6  7 |
---------------+----------------------+-----
Stealth        | 1 2 3 4 5 6 |  6.4
Dodging        | 3 4 5 |  5.1
Fighting       | 3 |  3.6
Spellcasting   | 3 |  3.4
Short Blades   | |  2.0
Throwing       | |  1.0
Translocations | |  3.0

Action                   |  1- 3 |  4- 6 |  7- 9 || total
-------------------------+-------+-------+-------++-------
Melee: Short sword       |    86 |    40 |       ||   126
       Constrict         |    30 |    34 |     4 ||    68
       Tentacles         |    18 |    21 |     4 ||    43
       Dagger            |       |    85 |    18 ||   103
  Use: Scroll            |     2 |     9 |       ||    11
 Stab: Sleeping          |     6 |    11 |     1 ||    18
       Distracted        |     1 |       |       ||     1
  Eat: Chunk             |     2 |     7 |     1 ||    10
Armor: Skin              |     7 |    13 |     4 ||    24
Dodge: Dodged            |    57 |    90 |    15 ||   162
